 Dungeon Crawl Stone Soup version 0.24-a0-170-gd8427f5 (webtiles) character file.

Game seed: 9943712947046088753

67 galech the Skirmisher (level 4, 29/35 HPs)
             Began as a Demonspawn Fighter on Mar 11, 2019.
             Quit the game on level 2 of the Dungeon.
             The game lasted 00:01:18 (997 turns).

galech the Skirmisher (Demonspawn Fighter)           Turns: 997, Time: 00:01:18

Health: 29/35      AC:  5    Str: 16    XL:     4   Next: 0%
Magic:  4/4        EV:  8    Int: 10    God:
Gold:   39         SH:  9    Dex: 13    Spells: 3/3 levels left

rFire    + . .     SeeInvis .   a - +0 war axe
rCold    . . .     Gourm    .   c - +0 shield
rNeg     . . .     Faith    .   e - +0 ring mail {rF+}
rPois    .         Spirit   .   (helmet restricted)
rElec    .         Reflect  .   (no cloak)
rCorr    .         Harm     .   (no gloves)
MR       .....                  (no boots)
Stlth    +.........             (no amulet)
HPRegen  0.11/turn              (no ring)
MPRegen  0.09/turn              (no ring)

@: no status effects
A: horns 1, talons 1
a: no special abilities


You were on level 2 of the Dungeon.
You were hungry.

You visited 1 branch of the dungeon, and saw 2 of its levels.

You collected 39 gold pieces.

Inventory:

Hand Weapons
 a - a +0 war axe (weapon)
Armour
 b - a +0 scale mail
 c - a +0 shield (worn)
 e - a +0 ring mail of fire resistance (worn)
Scrolls
 i - a scroll of teleportation {unknown}
Potions
 d - a potion of might
 h - a potion of ambrosia {unknown}
 j - a potion of brilliance {unknown}
Comestibles
 f - 5 rations
 g - 5 chunks of flesh


   Skills:
 + Level 3.3 Fighting
 + Level 2.6 Axes
 + Level 3.3 Armour
 + Level 0.2 Dodging
 + Level 3.1 Shields


You had 3 spell levels left.
You didn't know any spells.
Your spell library was empty.

Dungeon Overview and Level Annotations

Branches:
Dungeon (2/15)

Altars:


Innate Abilities, Weirdness & Mutations

You have a pair of small horns on your head.
You have sharp toenails.


Message History

You block the kobold's attack.
The frilled lizard bites you but does no damage.
You block the kobold's attack.
You slash the kobold!
You kill the kobold!
You miss the frilled lizard.
The frilled lizard bites you but does no damage.
You miss the frilled lizard. The frilled lizard closely misses you.
You block the frilled lizard's attack.
You barely miss the frilled lizard. The frilled lizard bites you.
You slash the frilled lizard!
You kill the frilled lizard!
You have reached level 4!
You feel clever.
Your demonic ancestry asserts itself...
Your toenails lengthen and sharpen.
You see here a frilled lizard corpse.
You butcher the frilled lizard corpse.
g - 5 chunks of flesh (gained 1)
You see here a frilled lizard skeleton.
Are you sure you want to abandon this character and quit the game? (Confirm with "yes".)

##.##...# ####......#
.# ###..........##
.#######
#...###.###....
....... #.#####.#
#......#...# .)# #...#
#......#.# ..# #.###
#...#...#
#รท###.######...)#..#
#............#..@#
.....#######..#..# .
......# #...###..
......# #..#...#.
......######.#.....#
....................#
.##########..#.....#..
## #......#...#...
#).###...###...#


There were no monsters in sight!

Vanquished Creatures
  2 adders (D:2)
  An ooze (D:1)
  2 dart slugs (D:1)
  2 leopard geckos
  A bat (D:1)
  2 giant cockroaches (D:2)
  4 goblins
  7 hobgoblins
  2 jackals (D:1)
  A frilled lizard (D:2)
  4 kobolds
  9 rats
37 creatures vanquished.

Notes
Turn   | Place    | Note
-------+----------+-------------------------------------------
     0 | D:1      | galech the Demonspawn Fighter began the quest for the Orb.
     0 | D:1      | Reached XP level 1. HP: 18/18 MP: 1/1
   101 | D:1      | Gained mutation: You have a pair of small horns on your
                  | head. [demonic ancestry]
   101 | D:1      | Reached XP level 2. HP: 17/24 MP: 2/2
   489 | D:1      | Reached XP level 3. HP: 22/29 MP: 3/3
   993 | D:2      | Gained mutation: You have sharp toenails. [demonic
                  | ancestry]
   993 | D:2      | Reached XP level 4. HP: 28/35 MP: 4/4
   997 | D:2      | Quit the game

Levels and vault maps discovered:
D:1:      zaba_arrival_water, layout_loops_ring
D:2:      layout_rooms, overflow_temple_1_default, first_ration,
          minmay_splitting_lines

Skill      XL: |  1  2 |
---------------+-------+-----
Armour         | 3 |  3.3
Axes           | 2 |  2.6
Shields        | 3 |  3.1
Fighting       | |  3.3
Dodging        | |  0.2

Action                   |  1- 3 |  4- 6 || total
-------------------------+-------+-------++-------
Melee: War axe           |    97 |       ||    97
       Headbutt          |     4 |       ||     4
Armor: Scale mail        |     9 |       ||     9
       Ring mail         |    30 |       ||    30
Dodge: Dodged            |    31 |       ||    31
Block: Shield            |    48 |       ||    48

Table legend:
 A = Non-vault XP
 B = Vault XP
 C = Vault XP percentage of total XP
 D = Non-vault monster count
 E = Vault monster count
 F = Vault count percentage of total count
                 A         B        C        D         E       F
            +---------+---------+-------+---------+---------+-------
      Total |      97 |       0 |   0.0 |      37 |       0 |   0.0
            +---------+---------+-------+---------+---------+-------
        D:1 |      44 |       0 |   0.0 |      19 |       0 |   0.0
        D:2 |      53 |       0 |   0.0 |      18 |       0 |   0.0
            +---------+---------+-------+---------+---------+-------
